AoeStats
← eltomooo

Arabia

505104796Analyzed
3v3 RM · 24d ago on Sep 7, 2026· 29m 24s· 6 players
Game mode
Random Map
Map size
Normal (6 player)
Population
200
Speed
Normal
Resources
Standard
Victory
Conquest
Starting age
Dark Age
Ending age
Imperial Age
RankedLock teamsTeams togetherTeam positionsShared explorationLock speedFull tech treeHidden civsTurbo modeCheats
Victory
Defeat
🇦🇷 Vietnamese · Argentina
1305
+11
🇦🇷 Maya · Argentina
1267
+13
🇦🇷 Franks · Argentina
1145
+18
🇮🇹 Persians · Italy
1389
-21
🇵🇪 Franks · Peru
1204
-14
🇵🇪 Maya · Peru
1000
-26
ubertorresr
2:28 Loom
11:23 Feudal Age
18:16 Castle Age
18:52 Forging
19:45 Scale Barding Armor
23:32 Iron Casting
JoeTonPaneTon
12:54 Feudal Age
13:25 Double-Bit Axe
Iulo Ascanio2210
6:03 Loom
8:49 Feudal Age
9:14 Double-Bit Axe
13:30 Scale Barding Armor
13:40 Forging
19:24 Scale Barding Armor
21:11 Bloodlines
26:10 Castle Age
27:47 Iron Casting
28:03 Chain Barding Armor
28:26 Gold Mining
28:48 Bow Saw
30:16 Wheelbarrow
misspa
0:25 Loom
10:13 Feudal Age
10:46 Double-Bit Axe
15:38 Fletching
21:43 Castle Age
20:11 Gold Mining
20:32 Padded Archer Armor
21:23 Horse Collar
22:53 Bodkin Arrow
23:11 Bow Saw
22:44 Crossbowman
24:03 Wheelbarrow
24:31 Thumb Ring
26:06 Leather Archer Armor
27:26 Stone Mining
29:18 Ballistics
eltomooo
6:28 Loom
9:04 Feudal Age
11:02 Double-Bit Axe
18:34 Fletching
21:37 Castle Age
19:53 Gold Mining
21:03 Padded Archer Armor
21:10 Fletching
22:27 Bodkin Arrow
22:04 Crossbowman
23:15 Bow Saw
24:32 Ballistics
29:27 Horse Collar
chesco torres
7:52 Loom
10:15 Feudal Age
10:57 Double-Bit Axe
21:35 Castle Age
20:16 Gold Mining
20:51 Scale Barding Armor
22:42 Chain Barding Armor
22:33 Forging
23:05 Bow Saw
23:58 Husbandry
29:30 Iron Casting
Connection lost

Rejoining the realm…

Still unreachable

The connection could not be restored.

Session expired

The server has moved on; the page needs a fresh start.